AoeStats
← Green Assassin

Black Forest

507843676Analyzed
4v4 RM · 12d ago on Sep 19, 2026· 41m 1s· 8 players
Game mode
Random Map
Map size
Large (8 player)
Population
200
Speed
Normal
Resources
Standard
Victory
Conquest
Starting age
Dark Age
Ending age
Imperial Age
RankedLock teamsTeams togetherTeam positionsShared explorationLock speedFull tech treeHidden civsTurbo modeCheats
Victory
Defeat
🇺🇸 Cumans · United States
1286
+14
🇧🇷 Japanese · Brazil
1201
+17
🇨🇱 Persians · Chile
1199
+17
🇺🇸 Britons · United States
1191
+18
🇹🇷 Portuguese · Türkiye
1268
-18
🇩🇪 Japanese · Germany
1252
-17
🇨🇭 Koreans · Switzerland
1210
-16
🇩🇪 Cumans · Germany
1191
-15
Est.in1974
7:31 Loom
11:57 Feudal Age
12:47 Double-Bit Axe
12:45 Horse Collar
14:11 Wheelbarrow
18:45 Castle Age
17:05 Town Watch
36:29 Imperial Age
34:28 Heavy Plow
35:23 Bow Saw
34:37 Pikeman
35:18 Squires
37:31 Scale Mail Armor
37:41 Forging
Dr.Greenthumb
1:35 Loom
14:31 Feudal Age
18:25 Castle Age
16:12 Horse Collar
16:34 Double-Bit Axe
19:47 Bow Saw
19:43 Heavy Plow
21:21 Wheelbarrow
25:34 Gold Mining
25:34 Stone Mining
26:31 Caravan
27:32 Town Watch
29:38 Gold Shaft Mining
29:39 Stone Shaft Mining
30:22 Hand Cart
33:06 Imperial Age
30:09 Pikeman
30:50 Squires
31:37 Fortified Wall
31:31 Scale Mail Armor
31:43 Forging
33:26 Halberdier
34:57 Arson
34:33 Elite Fire Lancer
36:08 Heavy Rocket Cart
37:12 Eupseong
Green Assassin
0:44 Loom
13:18 Feudal Age
16:41 Double-Bit Axe
16:45 Horse Collar
18:00 Wheelbarrow
26:41 Castle Age
25:10 Scale Barding Armor
25:19 Bloodlines
25:16 Gold Mining
26:00 Forging
28:44 Chain Barding Armor
29:08 Iron Casting
31:12 Bow Saw
36:42 Imperial Age
34:45 Heavy Plow
35:01 Caravan
36:59 Elite Steppe Lancer
38:19 Plate Barding Armor
38:45 Blast Furnace
37:53 Light Cavalry
40:01 Cavalier
40:39 Fletching
zeron
4:33 Loom
16:21 Feudal Age
20:36 Castle Age
18:58 Double-Bit Axe
19:50 Stone Mining
20:23 Horse Collar
35:49 Bow Saw
VZ | TheeChosen
1:29 Loom
12:34 Feudal Age
14:34 Fletching
14:49 Scale Mail Armor
14:55 Double-Bit Axe
27:30 Wheelbarrow
27:11 Horse Collar
27:23 Gold Mining
32:43 Castle Age
31:24 Forging
32:07 Bloodlines
33:42 Scale Barding Armor
34:14 Iron Casting
33:06 Capped Ram
34:14 Bow Saw
34:08 Heavy Plow
39:47 Imperial Age
37:25 Steppe Husbandry
40:01 Elite Steppe Lancer
41:25 Chain Barding Armor
42:07 Blast Furnace
alwinmonteiro
1:36 Loom
13:42 Feudal Age
19:04 Castle Age
17:06 Stone Mining
17:51 Double-Bit Axe
18:42 Gold Mining
19:10 Fletching
20:53 Horse Collar
22:51 Bow Saw
23:41 Heavy Plow
27:49 Scale Mail Armor
28:50 Forging
30:06 Gold Shaft Mining
31:26 Chain Mail Armor
34:46 Wheelbarrow
33:57 Town Watch
39:21 Iron Casting
38:43 Bodkin Arrow
peterzjx
2:59 Loom
14:00 Feudal Age
19:24 Castle Age
17:37 Fletching
17:47 Double-Bit Axe
19:40 Horse Collar
19:28 Crossbowman
20:30 Bodkin Arrow
23:03 Padded Archer Armor
29:08 Leather Archer Armor
29:34 Ballistics
34:43 Heavy Plow
40:14 Imperial Age
38:19 Wheelbarrow
40:33 Arbalester
41:36 Yeomen
41:18 Bracer
alvex
1:42 Loom
11:41 Feudal Age
12:06 Double-Bit Axe
12:07 Horse Collar
16:56 Wheelbarrow
17:56 Gold Mining
20:52 Castle Age
19:15 Stone Mining
19:39 Scale Barding Armor
20:15 Forging
20:43 Bloodlines
22:14 Bow Saw
22:04 Heavy Plow
22:48 Gold Shaft Mining
29:22 Hand Cart
33:06 Imperial Age
30:46 Town Watch
31:38 Chain Barding Armor
31:55 Iron Casting
31:26 Husbandry
30:47 Light Cavalry
32:18 Stone Shaft Mining
32:00 Town Patrol
34:01 Plate Barding Armor
32:48 Cavalier
32:50 Heavy Camel Rider
33:08 Hussar
35:12 Conscription
35:09 Savar
Connection lost

Rejoining the realm…

Still unreachable

The connection could not be restored.

Session expired

The server has moved on; the page needs a fresh start.